 Dungeon Crawl Stone Soup version 0.32-a0-886-g41c5271027 (webtiles) character file.

Game seed: 2074949181811666709

5259 Armakuni the Prestidigitator (level 10, -1/65 HPs)
             Began as a Human Artificer on Apr 2, 2024.
             Was an Initiate of Gozag.
             Slain by a hornet (4 damage)
             ... on level 8 of the Dungeon.
             The game lasted 00:16:54 (6668 turns).

Armakuni the Prestidigitator (Human Artificer)      Turns: 6668, Time: 00:16:54

Health: -1/65      AC: 14    Str: 17    XL:     10   Next: 62%
Magic:  0/10       EV: 10    Int: 11    God:    Gozag
Gold:   488        SH:  0    Dex: 16    Spells: 9/9 levels left

rFire   . . .        d - +7 spear of Wu Jian's Regard {flame, rCorr}
rCold   . . .        (no shield)
rNeg    . . .        z - +1 leather armour of Vaixuw {Regen+ Dex+2}
rPois   .            (no helmet)
rElec   .            f - +0 cloak
rCorr   +            (no gloves)
SInv    .            i - +0 pair of boots
Will    .....        G - amulet of guardian spirit
Stlth   ++           A - +4 ring of protection
HPRegen 1.10/turn    S - +4 ring of protection
MPRegen 0.12/turn

%: guardian spirit
@: lethally poisoned (-1 -> -8), gold aura, slowed, very slow
A: explore regen
a: Renounce Religion, Potion Petition, Call Merchant, Bribe Branch


You were on level 8 of the Dungeon.
You worshipped Gozag.
Gozag was aware of your devotion.
You visited 2 branches of the dungeon, and saw 9 of its levels.

You collected 779 gold pieces.
You spent 168 gold pieces at shops.
You paid 123 gold pieces to Gozag.

Inventory:

Hand Weapons
 a - a +1 dagger of venom
 b - a +0 quarterstaff
 d - the +7 spear of Wu Jian's Regard (weapon) {flame, rCorr}
   (You found it on level 3 of the Dungeon)

   rCorr:     It protects you from acid and corrosion.
Armour
 f - a +0 cloak (worn)
 i - a +0 pair of boots (worn)
 z - the +1 leather armour of Vaixuw (worn) {Regen+ Dex+2}
   (You found it on level 5 of the Dungeon)

   Dex+2:     It affects your dexterity (+2).
   Regen+:    It increases your rate of health regeneration.
 M - a +0 buckler
Magical Staves
 r - a staff of death
Jewellery
 A - a +4 ring of protection (left hand)
 G - an amulet of guardian spirit (around neck)
 I - an amulet of magic regeneration
 K - a +6 ring of strength
 S - a +4 ring of protection (right hand)
 W - a ring of wizardry
Talismans
 o - a talisman of death
Wands
 c - a wand of charming (9)
 j - a wand of iceblast (4)
 m - a wand of mindburst (9)
 p - a wand of polymorph (12)
 v - a wand of flame (23) (quivered)
 w - a wand of warping (9)
Scrolls
 q - 2 scrolls of blinking
 s - 2 scrolls of immolation
 t - 2 scrolls of noise
 x - 2 scrolls of enchant armour
 y - a scroll of fog
 C - 2 scrolls of poison
 D - a scroll of torment
 F - a scroll of silence
 H - 4 scrolls of enchant weapon
 J - 8 scrolls of teleportation
 L - 2 scrolls of identify
 O - a scroll of revelation {unknown}
Potions
 e - 2 potions of ambrosia {unknown}
 g - a potion of degeneration {unknown}
 h - 6 potions of mutation {unknown}
 k - 3 potions of enlightenment {unknown}
 n - 2 potions of haste {unknown}
 u - 6 potions of curing {unknown}
 B - 2 potions of brilliance {unknown}
 E - a potion of magic {unknown}
 N - a potion of might {unknown}
 P - a potion of heal wounds {unknown}
 Q - a potion of berserk rage {unknown}


   Skills:
 - Level 1.0 Fighting
 - Level 0.6(4.3) Maces & Flails
 + Level 7.0 Staves
 - Level 2.0 Armour
 - Level 1.0 Dodging
 - Level 1.0 Stealth
 - Level 10.0 Necromancy
 - Level 10.0 Evocations


You had 9 spell levels left.
You didn't know any spells.
Your spell library contained the following spells:

 Spells                   Type           Power      Damage    Failure   Level
 Kiss of Death            Conj/Necr      44%        2d8       5%          1
 Dispel Undead            Necr           22%        3d12      7%          4
 Sandblast                Erth           0%         2d4       38%         1
 Confusing Touch          Hex            0%         N/A       77%         3
 Inner Flame              Hex/Fire       0%         N/A       77%         3
 Stone Arrow              Conj/Erth      0%         3d7       77%         3
 Tukima's Dance           Hex            0%         N/A       77%         3
 Brom's Barrelling Bould  Conj/Erth      0%         2d3       99%         4
 Flame Wave               Conj/Fire      0%         2d4       99%         4
 Passage of Golubria      Tloc           0%         N/A       99%         4
 Sticky Flame             Fire/Alch      0%         2d4       99%         4
 Fireball                 Conj/Fire      0%         3d3       100%        5
 Yara's Violent Unravell  Hex/Alch       0%         3d3       100%        5


Dungeon Overview and Level Annotations

Branches:
Dungeon (8/15)             Temple (1/1) D:4
   Lair: D:8-11

Altars:
Ashenzari
Cheibriados
Dithmenos
Elyvilon
Fedhas
Gozag
Kikubaaqudgha
Makhleb
Okawaru
Qazlal
Sif Muna
Trog
Vehumet
Wu Jian
Xom
Zin
The Shining One

Shops:
D:5 =   D:7 =(:(?


Innate Abilities, Weirdness & Mutations

You regain HP and MP as you explore.


Message History

You are too injured to fight recklessly!
The hornet buzzes angrily.
You hit the hornet. You burn the hornet.
The hornet is no longer distracted by gold.
The hornet is heavily wounded.
You feel sick. The hornet closely misses you.
You hit the hornet. You burn the hornet.
The hornet is severely wounded.
You feel sick. The hornet stings you.
You feel as though you will be slow longer.
The hornet stings you but does no damage. x2
You puncture the hornet! You burn the hornet.
The hornet is almost dead.
You feel sick. The hornet stings you.
You suddenly lose the ability to move!
You can move again.
You barely miss the hornet.
The hornet is almost dead.
You feel sick.
You are no longer poisoned.
The hornet stings you!
* * * LOW HITPOINT WARNING * * *
You are poisoned.
You feel as though you will be slow longer.
The hornet misses you. The hornet stings you.
* * * LOW HITPOINT WARNING * * *
You feel as though you will be slow longer.
You barely miss the hornet.
The hornet is almost dead.
You feel very sick. The hornet stings you!
* * * LOW HITPOINT WARNING * * *
You feel as though you will be slow longer.
You closely miss the hornet.
The hornet is almost dead.
You feel sick. The hornet stings you.
* * * LOW HITPOINT WARNING * * *
You are lethally poisoned!
You shrug off the repeated paralysis!
The hornet stings you!
You die...
Your body crumbles into a pile of gold.

########## #........#
#####################.######.##
###.....................# #...
.#........####.#.#############..#
.)..#####.# #@# ......... .#..##
# #y# ######..# .#...# #$#
########..# ##...# .$.
........... ##...# #.# ...
.#######..# #...# #.# ..... #..#
#(..# #.# ..... #..# #...# #.#
##...## #..# #...#
#.############## #..#


You could see a hornet.

Vanquished Creatures
  Erica (D:8)
  Maggie (D:7)
  A troll (D:7)
  A hornet (D:8)
  5 yaks (D:8)
  Eustachio (D:5)
  A wyvern (D:8)
  2 steam dragons (D:7)
  2 water moccasins
  2 black bears (D:7)
  3 sky beasts
  An orc warrior (D:8)
  3 phantoms
  A kobold brigand (D:8)
  2 bullfrogs (D:7)
  Blork the orc (D:5)
  A gnoll sergeant (D:7)
  A scorpion (D:5)
  8 wights
  A howler monkey (D:6)
  3 hounds (D:5)
  4 orc priests
  3 gnoll boudas
  2 sleepcaps (D:5)
  3 iguanas
  4 orc wizards
  6 adders
  14 gnolls
  A shadow imp (D:6)
  A dart slug (D:4)
  A ribbon worm (D:2)
  8 orcs
  4 ball pythons
  4 endoplasms
  7 goblins
  3 hobgoblins (D:3)
  4 jackals (D:4)
  11 kobolds
  3 quokkas
  3 bats
  2 frilled lizards
  4 rats
134 creatures vanquished.

Vanquished Creatures (collateral kills)
  A centaur (D:5)
  An orc wizard (D:5)
  2 gnolls (D:4)
4 creatures vanquished.

Vanquished Creatures (others)
  A ballistomycete (D:5)
1 creature vanquished.

Grand Total: 139 creatures vanquished

Notes
Turn   | Place    | Note
-------+----------+-------------------------------------------
     0 | D:1      | Armakuni the Human Artificer began the quest for the Orb.
     0 | D:1      | Reached XP level 1. HP: 15/15 MP: 1/1
   208 | D:1      | Got the Discursus on Gloom and Violence
   332 | D:1      | Found a faded altar of an unknown god.
   405 | D:1      | Reached XP level 2. HP: 21/21 MP: 2/2
   849 | D:2      | Reached skill level 1 in Staves
   849 | D:2      | Reached skill level 1 in Necromancy
   875 | D:2      | Reached XP level 3. HP: 26/26 MP: 3/3
  2011 | D:3      | Reached XP level 4. HP: 22/32 MP: 4/4
  2131 | D:3      | Identified the +7 spear of Wu Jian's Regard {flame, rCorr}
  2640 | D:4      | Found Ynwab's Tiny Tomes.
  2675 | D:4      | Found a staircase to the Ecumenical Temple.
  2691 | Temple   | Entered the Ecumenical Temple
  2830 | D:4      | Reached XP level 5. HP: 8/37 MP: 2/5
  3171 | D:5      | Entered Level 5 of the Dungeon
  3234 | D:5      | Reached XP level 6. HP: 39/43 MP: 3/6
  3327 | D:5      | Identified the +1 leather armour of Vaixuw {Regen+ Dex+2}
  3454 | D:5      | Noticed Eustachio
  3479 | D:5      | Killed Eustachio
  3573 | D:5      | Reached XP level 7. HP: 33/48 MP: 5/7
  3602 | D:5      | Reached skill level 5 in Evocations
  3677 | D:5      | Noticed Blork the orc
  3690 | D:5      | Killed Blork the orc
  4015 | D:5      | Found Ciotusmi's Jewellery Shop.
  4086 | D:6      | Reached XP level 8. HP: 49/54 MP: 8/8
  4130 | D:6      | Reached skill level 5 in Necromancy
  4783 | D:7      | Found Ydghozxo's Jewellery Shoppe.
  4839 | D:7      | Found Bebun's Weapon Shop.
  4845 | D:7      | Found Wisuir's Antique Weapon Shoppe.
  4852 | D:7      | Found Zopsocupp's Book Shop.
  4934 | D:7      | Noticed a troll
  4945 | D:7      | Killed a troll
  4946 | D:7      | Reached XP level 9. HP: 39/59 MP: 5/9
  5045 | D:7      | Found Vij Jiew's Magic Scroll Emporium.
  5082 | D:7      | Bought a scroll of teleportation for 42 gold pieces
  5082 | D:7      | Bought a scroll of teleportation for 42 gold pieces
  5084 | D:7      | Bought a scroll of identify for 28 gold pieces
  5084 | D:7      | Bought a scroll of identify for 28 gold pieces
  5084 | D:7      | Bought a scroll of identify for 28 gold pieces
  5244 | D:7      | Noticed Maggie
  5254 | D:7      | Killed Maggie
  5291 | D:7      | Found an opulent altar of Gozag.
  5308 | D:7      | Became a worshipper of Gozag Ym Sagoz the Greedy
  5620 | D:7      | Found a stormy altar of Qazlal.
  6040 | D:8      | Noticed a hornet
  6042 | D:8      | Killed a hornet
  6043 | D:8      | Reached XP level 10. HP: 65/65 MP: 10/10
  6098 | D:8      | Noticed Erica
  6102 | D:8      | Killed Erica
  6103 | D:8      | Reached skill level 10 in Evocations
  6284 | D:8      | Reached skill level 10 in Necromancy
  6284 | D:8      | Reached skill level 5 in Staves
  6335 | D:8      | Found a white marble altar of Elyvilon.
  6462 | D:8      | Identified the +11 falchion "Weceil" {holy, +Blink rElec}
  6665 | D:8      | Paralysed by a hornet for 1 turns
  6668 | D:8      | HP: 3/65 [hornet (1)]
  6668 | D:8      | Slain by a hornet

Illustrated notes

Levels and vault maps discovered:
D:1:      evilmike_arrival_rings, layout_rooms, shapermc_ecumenical_altar_venn
D:2:      layout_basic
D:3:      layout_loops_ring
D:4:      layout_loops_ring, temple_statues, nicolae_shop_i_like_small_books_too
D:5:      layout_basic, serial_shops, nicolae_shop_advertising_works
          [nicolae_subvault_shop_adworks], kennysheep_dice, uniq_eustachio,
          uniq_blork_the_orc
D:6:      layout_basic
D:7:      layout_basic, lemuel_doored_altar, grunt_gozag_breadcrumbs,
          serial_shops, shop, nicolae_stop_n_shop_2, shop,
          nicolae_shop_pleasant_corner_grove, shop, uniq_maggie
D:8:      layout_loops_ring, mainiacjoe_overflow_tiny_flanked, uniq_erica
Temple:   nicolae_temple_superstar

Skill      XL: |  1  2  3  4  5  6  7  8  9 10 |
---------------+-------------------------------+-----
Staves         | 1 2 3 4 7 |  7.0
Necromancy     | 1 2 3 4 7 9 10 | 10.0
Evocations     | 4 5 7 9 10 | 10.0
Fighting       | |  1.0
Maces & Flails | |  0.6
Armour         | |  2.0
Dodging        | |  1.0
Stealth        | |  1.0

Action                     |  1- 3 |  4- 6 |  7- 9 | 10-12 || total
---------------------------+-------+-------+-------+-------++-------
  Melee: Staff             |    65 |       |       |       ||    65
         Club              |     8 |       |       |       ||     8
         Dagger            |    31 |   107 |    72 |       ||   210
         Spear             |       |       |   217 |    89 ||   306
  Evoke: Wand              |     4 |     5 |    11 |     3 ||    23
    Use: Scroll            |     1 |     4 |     5 |       ||    10
   Stab: Sleeping          |       |     1 |     4 |       ||     5
         Invisible         |       |       |     3 |       ||     3
         Distracted        |       |       |       |     1 ||     1
 Armour: Ring mail         |    76 |    76 |       |       ||   152
         Leather armour    |     7 |    22 |   193 |    58 ||   280
  Dodge: Dodged            |    51 |    73 |   115 |    26 ||   265

Table legend: (Time is in decaauts)
 A = Elapsed time spent in this place.
 B = Non-inter-level travel time spent in this place.
 C = Inter-level travel time spent in this place.
 D = Time resting spent in this place.
 E = Time spent auto-exploring this place.
 F = Levels seen in this place.
 G = Mean time per level.
                   A        B        C        D        E       F      G
               +--------+--------+--------+--------+--------+-----+--------+
         Total |   6665 |   6440 |    225 |    242 |   4316 |   9 |  740.6 |
       Dungeon |   6663 |   6438 |    225 |    242 |   4316 |   8 |  832.9 |
        Temple |      1 |      1 |      0 |      0 |      0 |   1 |    1.0 |
               +--------+--------+--------+--------+--------+-----+--------+

Top non-repeatable levels by time:
     D:7: 1137 daAuts
     D:2: 1071 daAuts
     D:5: 876 daAuts
     D:4: 835 daAuts
     D:8: 737 daAuts
     D:3: 731 daAuts
     D:6: 708 daAuts
     D:1: 565 daAuts
  Temple: 1 daAuts
